[Event "Titled Tuesday Blitz January 17 Late 2023"]
[White "Aggelis, Nikolaos"]
[Black "Melikhov, Evgeny V."]
[WhiteFideId "4213220"]
[BlackFideId "4122046"]
[WhiteElo "2270"]
[BlackElo "2269"]
[Result "1/2-1/2"]
[Round "07"]
[TimeControl "180+2"]
[Date "2023.01.17"]
[WhiteClock "0:00:14"]
[BlackClock "0:00:02"]

1. d4 Nf6 2. Nf3 d5 3. c4 e6 4. g3 dxc4 5. Bg2 Nc6 6. O-O Rb8 7. a4 a6 8. a5 Bd6 9. Qc2 O-O 10. Qxc4 e5 11. Rd1 exd4 12. Nxd4 Nxd4 13. Qxd4 Qe7 14. Nc3 h6 15. Bf4 Bxf4 16. Qxf4 Be6 17. Rd4 c6 18. Rad1 Rfd8 19. Qd2 Rxd4 20. Qxd4 Qc7 21. b4 b6 22. Qd6 Qxd6 23. Rxd6 bxa5 24. bxa5 Rb3 25. Rxc6 Ra3 26. Rc5 Nd7 27. Rc8+ Kh7 28. Be4+ f5 29. Bd3 Rxa5 30. Rc6 Bf7 31. Rxa6 Rxa6 32. Bxa6 Nc5 33. Bb5 g5 34. Kf1 Kg7 35. e3 Kf6 36. Ke2 Ke5 37. Bd3 Bh5+ 38. Kd2 Nxd3 39. Kxd3 Be8 40. f4+ gxf4 41. exf4+ Kf6 42. Kd4 Bc6 43. Kc5 Bg2 44. Kd6 Bf3 45. Nd5+ Kg6 46. Ne7+ Kf6 47. Nd5+ Kg6 48. Ke5 Be4 49. Ne7+ Kh5 50. Nxf5 Bxf5 51. Kxf5 1/2-1/2


[Site "https://www.chess.com"]

[Event "Titled Tuesday Blitz January 17 Late 2023"]
[White "Korchmar, Vasiliy"]
[Black "Mazurkiewicz, Michal"]
[WhiteFideId "24131750"]
[BlackFideId "1124943"]
[WhiteElo "2438"]
[BlackElo "2145"]
[Result "0-1"]
[Round "07"]
[TimeControl "180+2"]
[Date "2023.01.17"]
[WhiteClock "0:00:13"]
[BlackClock "0:00:15"]

1. d4 Nf6 2. c4 e5 3. dxe5 Ng4 4. b3 Nxe5 5. Bb2 Nbc6 6. Nd2 Bb4 7. Nf3 Qe7 8. Nxe5 Nxe5 9. e3 a5 10. Be2 O-O 11. a3 Bc5 12. O-O d6 13. Qc2 f5 14. Rae1 Ng4 15. h3 Nxf2 16. Rxf2 Qxe3 17. Qc3 Qxf2+ 18. Kh2 Rf7 19. Bh5 Qxe1 20. Bxf7+ Kxf7 21. Qxg7+ Ke8 22. Qg8+ Kd7 23. Nf3 Qe7 24. Qh8 b5 25. cxb5 Bb7 26. Qg7 Bxf3 27. gxf3 Qxg7 28. Bxg7 Rg8 29. a4 Rxg7 30. h4 Bf2 31. h5 Bg3+ 32. Kh3 Bf4 33. h6 Rg6 34. b6 cxb6 35. Kh4 Rxh6# 0-1


[Site "https://www.chess.com"]

[Event "Titled Tuesday Blitz January 17 Late 2023"]
[White "Forgacs, Attila Jr."]
[Black "Fiorito, Joaquin"]
[WhiteFideId "773654"]
[BlackFideId "180173"]
[WhiteElo "2264"]
[BlackElo "2405"]
[Result "0-1"]
[Round "07"]
[TimeControl "180+2"]
[Date "2023.01.17"]
[WhiteClock "0:00:07"]
[BlackClock "0:00:53"]

1. e4 c6 2. d4 d5 3. Nd2 dxe4 4. Nxe4 Bf5 5. Ng3 Bg6 6. h4 h6 7. Nf3 Nd7 8. h5 Bh7 9. Bd3 Bxd3 10. Qxd3 Ngf6 11. Bd2 e6 12. O-O-O Be7 13. Kb1 O-O 14. Ne4 c5 15. Nxf6+ Nxf6 16. g4 Nxg4 17. Qe2 Qb6 18. Rdg1 f5 19. Ne5 Nxe5 20. dxe5 f4 21. Qe4 Bg5 22. Qg6 Qc6 23. f3 Rf5 24. Be1 Qe8 25. Qxe8+ Rxe8 26. Bc3 Rd8 27. Rd1 Rff8 28. Rd6 Rxd6 29. exd6 Rd8 30. Be5 b6 31. Rd1 Kf7 32. c3 Bf6 33. Bxf4 e5 34. Bg3 Ke6 35. f4 Rxd6 36. f5+ Ke7 37. Rxd6 Kxd6 38. Kc2 Kd5 39. Kd3 e4+ 40. Ke3 Bg5+ 41. Bf4 Bxf4+ 42. Kxf4 c4 43. b3 cxb3 44. axb3 b5 45. c4+ bxc4 46. bxc4+ Kxc4 47. Kxe4 a5 48. Ke5 a4 49. Ke6 a3 50. Kf7 a2 51. Kxg7 a1=Q+ 52. f6 Kd5 53. Kg8 Qxf6 54. Kh7 Qg5 55. Kh8 Ke6 56. Kh7 Kf7 57. Kh8 Qg7# 0-1


[Site "https://www.chess.com"]

[Event "Titled Tuesday Blitz January 17 Late 2023"]
[White "Mione, Dario"]
[Black "ArchibaldCerveza29"]
[WhiteFideId "806625"]
[WhiteElo "2228"]
[BlackElo "2547"]
[Result "1/2-1/2"]
[Round "07"]
[TimeControl "180+2"]
[Date "2023.01.17"]
[WhiteClock "0:00:04"]
[BlackClock "0:00:12"]

1. e4 e5 2. Nf3 Nc6 3. d4 exd4 4. Nxd4 Bc5 5. Nb3 Bb6 6. Nc3 Nf6 7. Be2 a5 8. a4 d6 9. O-O Be6 10. Nd5 Nxe4 11. Nxb6 cxb6 12. Nd4 O-O 13. Bf3 d5 14. Bxe4 dxe4 15. Nxe6 fxe6 16. Be3 Nb4 17. Qg4 Qd5 18. Rad1 Qf5 19. Qe2 Rac8 20. c3 Nd3 21. Bxb6 Rf6 22. Be3 Rg6 23. f3 Nc5 24. fxe4 Qxe4 25. Qf2 Rf6 26. Qg3 Rxf1+ 27. Rxf1 Nxa4 28. Bd4 Qg6 29. Qxg6 hxg6 30. Re1 Kf7 31. Re5 b6 32. Rb5 Rc6 33. b3 Nxc3 34. Bxc3 Rxc3 35. Rxb6 Rc1+ 36. Kf2 Rb1 37. Ra6 Rb2+ 38. Kf1 Rxb3 39. Rxa5 Kf6 40. Kf2 g5 41. h3 Rc3 42. Rb5 e5 43. Ra5 Rb3 44. Ra7 g6 45. Ra6+ Kf5 46. g4+ Kf4 47. Rf6+ Ke4 48. Rxg6 Rxh3 49. Rxg5 Ra3 50. Rg8 Ra2+ 51. Kg3 Ke3 52. g5 Ra1 53. Kg4 e4 54. g6 Rg1+ 55. Kf5 Kf3 56. Re8 e3 57. Kf6 e2 58. Rxe2 Kxe2 59. Kf7 Rf1+ 60. Ke7 Rg1 61. Kf7 Rf1+ 62. Ke7 Ra1 63. g7 Ra7+ 64. Kf6 Ra8 65. Kf7 Ra7+ 66. Kf6 Rxg7 67. Kxg7 1/2-1/2


[Site "https://www.chess.com"]

[Event "Titled Tuesday Blitz January 17 Late 2023"]
[White "Berezin, Viktor"]
[Black "Balague Camps, Marc"]
[WhiteFideId "14107872"]
[BlackFideId "2297914"]
[WhiteElo "2307"]
[BlackElo "2190"]
[Result "0-1"]
[Round "07"]
[TimeControl "180+2"]
[Date "2023.01.17"]
[WhiteClock "0:00:01"]
[BlackClock "0:01:17"]

1. d4 Nf6 2. c4 c5 3. d5 e5 4. Nc3 d6 5. e4 g6 6. g3 Bg7 7. Bg2 O-O 8. Nge2 a6 9. O-O Ne8 10. f4 exf4 11. Bxf4 Nd7 12. Rc1 h6 13. h3 Kh7 14. Kh2 Qe7 15. Qd2 Ne5 16. b3 Bd7 17. Rce1 b5 18. Bxe5 Bxe5 19. Nf4 Qg5 20. h4 Qe7 21. Kh1 Ra7 22. h5 Ng7 23. hxg6+ fxg6 24. Nce2 Bg4 25. Ng1 Qg5 26. Nf3 Bxf3 27. Rxf3 Raf7 28. Ref1 b4 29. Qe3 Qg4 30. Qf2 Bd4 31. Qd2 Nh5 32. Qd3 Rxf4 33. gxf4 Rxf4 34. Rxf4 Ng3+ 35. Kh2 Nxf1+ 36. Qxf1 Be5 37. Bh3 Bxf4+ 38. Kh1 Qg3 39. Qg2 Qe1+ 40. Qf1 Qxe4+ 41. Bg2 Qe3 42. Qf3 Qe5 43. Qg4 h5 44. Qd7+ Kh6 45. Qc8 Be3 46. Qf8+ Kg5 47. Qd8+ Kf4 48. Qf8+ Kg5 49. Qd8+ Kh6 50. Qf8+ Kh7 51. Qf7+ Qg7 52. Qe6 Qa1+ 53. Kh2 Bf4+ 54. Kh3 Qc3+ 55. Kh4 Qg3# 0-1


[Site "https://www.chess.com"]

[Event "Titled Tuesday Blitz January 17 Late 2023"]
[White "Mesa Cruz, Juan Carlos"]
[Black "Santos Flores, Alberto"]
[WhiteFideId "6423400"]
[BlackFideId "3601234"]
[WhiteElo "2122"]
[BlackElo "2164"]
[Result "0-1"]
[Round "07"]
[TimeControl "180+2"]
[Date "2023.01.17"]
[WhiteClock "0:00:02"]
[BlackClock "0:01:43"]

1. e4 e6 2. Qe2 c5 3. Nf3 Nc6 4. g3 g6 5. Bg2 Bg7 6. c3 Nge7 7. O-O O-O 8. Na3 d6 9. Nc2 Rb8 10. a4 a6 11. d4 cxd4 12. Ncxd4 d5 13. e5 Nxd4 14. Nxd4 Nc6 15. f4 Nxd4 16. cxd4 Qb6 17. Qd3 Bd7 18. b3 Rfc8 19. Ba3 Bf8 20. Bxf8 Kxf8 21. Rfc1 Qb4 22. Kf2 Ke7 23. Ke3 a5 24. Bf1 Rc6 25. Rxc6 bxc6 26. Rb1 c5 27. dxc5 Qxc5+ 28. Qd4 Qxd4+ 29. Kxd4 Bxa4 30. Kc3 Bb5 31. Bg2 Rc8+ 32. Kb2 Bd3 33. Rc1 Rxc1 34. Kxc1 Kd7 35. Kb2 Kc6 36. Kc3 Be4 37. Bf1 Kc5 38. Ba6 d4+ 39. Kb2 Kb4 40. Bc4 d3 41. Kc1 Kc3 42. Kd1 Bf3+ 0-1


[Site "https://www.chess.com"]

[Event "Titled Tuesday Blitz January 17 Late 2023"]
[White "reevecanada"]
[Black "Slavin, Alexey"]
[BlackFideId "24104388"]
[WhiteElo "2474"]
[BlackElo "2364"]
[Result "1-0"]
[Round "07"]
[TimeControl "180+2"]
[Date "2023.01.17"]
[WhiteClock "0:00:25"]
[BlackClock "0:00:09"]

1. e4 Nc6 2. d4 d6 3. d5 Ne5 4. f4 Nd7 5. Nf3 c6 6. c4 Qc7 7. Nc3 Ngf6 8. Be3 g6 9. h3 Bg7 10. Be2 O-O 11. g4 cxd5 12. cxd5 a6 13. O-O b5 14. a3 Nc5 15. Bd3 Nxd3 16. Qxd3 Bb7 17. Rac1 Qd7 18. Rfd1 Rfc8 19. e5 dxe5 20. fxe5 Ne8 21. Bf4 Rc4 22. Qe3 Rac8 23. Ng5 Qc7 24. Nxf7 Qc5 25. Nh6+ Kh8 26. d6 Qc6 27. Qg3 Rxf4 28. Nd5 Qxc1 29. Rxc1 Rxc1+ 30. Kh2 Bxh6 31. d7 Rc2+ 32. Kg1 Rc1+ 33. Kh2 Rc2+ 34. Qg2 Rxg2+ 35. Kxg2 Bxd5+ 36. Kg1 Bc6 37. d8=Q Re4 38. Qxe7 Be3+ 39. Kf1 Bb6 40. Qf8# 1-0


[Site "https://www.chess.com"]

[Event "Titled Tuesday Blitz January 17 Late 2023"]
[White "Hajiyev, Kanan"]
[Black "Ardila, Oscar Humberto"]
[WhiteFideId "13404148"]
[BlackFideId "4404742"]
[WhiteElo "2197"]
[BlackElo "1982"]
[Result "1-0"]
[Round "07"]
[TimeControl "180+2"]
[Date "2023.01.17"]
[WhiteClock "0:00:21"]
[BlackClock "0:00:15"]

1. d4 Nf6 2. Nf3 g6 3. c4 Bg7 4. Nc3 d6 5. g3 O-O 6. Bg2 Nbd7 7. O-O c6 8. e4 Qc7 9. b3 e5 10. Ba3 c5 11. dxe5 Nxe5 12. Nb5 Qc6 13. Qxd6 Qxd6 14. Nxd6 Nd3 15. Rad1 Nb4 16. e5 Ne8 17. Bxb4 cxb4 18. Nxc8 Rxc8 19. Rfe1 Nc7 20. Ng5 b6 21. Rd7 h6 22. Nh3 Ne6 23. Nf4 Rc7 24. Rxc7 Nxc7 25. Bd5 g5 26. Nh5 Re8 27. f4 gxf4 28. gxf4 Kf8 29. Kg2 Nxd5 30. cxd5 f6 31. Nxg7 Kxg7 32. exf6+ Kf7 33. Rxe8 Kxe8 34. d6 Kf7 35. d7 Kxf6 36. d8=Q+ 1-0


[Site "https://www.chess.com"]

[Event "Titled Tuesday Blitz January 17 Late 2023"]
[White "Harish, Neeraj"]
[Black "Mosquera, Miguel"]
[WhiteFideId "30958130"]
[BlackFideId "4401131"]
[WhiteElo "2232"]
[BlackElo "2371"]
[Result "0-1"]
[Round "07"]
[TimeControl "180+2"]
[Date "2023.01.17"]
[WhiteClock "0:00:14"]
[BlackClock "0:00:14"]

1. e4 c5 2. Nf3 d6 3. d4 cxd4 4. Nxd4 Nf6 5. Nc3 a6 6. Be3 e6 7. g4 b5 8. g5 Nfd7 9. a3 Bb7 10. Bg2 Be7 11. Qd2 Ne5 12. h4 Nc4 13. Qe2 Nd7 14. O-O-O Rc8 15. Bh3 Nc5 16. f3 Qa5 17. h5 Nxa3 18. g6 Nc4 19. gxf7+ Kf8 20. Kb1 Qb4 21. Bc1 Na3+ 22. Ka1 e5 23. Ne6+ Nxe6 24. Bxe6 Rxc3 25. bxc3 Qb1# 0-1


[Site "https://www.chess.com"]

[Event "Titled Tuesday Blitz January 17 Late 2023"]
[White "ritanovikova"]
[Black "Chernomordik, Pavel"]
[BlackFideId "2804530"]
[WhiteElo "2148"]
[BlackElo "2150"]
[Result "0-1"]
[Round "07"]
[TimeControl "180+2"]
[Date "2023.01.17"]
[WhiteClock "0:00:03"]
[BlackClock "0:01:00"]

1. d4 g6 2. Bf4 Bg7 3. c3 d6 4. Nf3 Nd7 5. Nbd2 e5 6. Bg3 Qe7 7. dxe5 Nxe5 8. Nxe5 dxe5 9. e4 Nf6 10. Be2 O-O 11. O-O Rd8 12. Qc2 c6 13. h3 h5 14. Nf3 Nh7 15. Rad1 f6 16. Bc4+ Be6 17. Qb3 Bxc4 18. Qxc4+ Qf7 19. Qa4 Nf8 20. Rxd8 Rxd8 21. Qxa7 Ne6 22. a4 Bf8 23. b4 Rd7 24. Qe3 Nc7 25. Qe2 Qb3 26. Rc1 Bh6 27. Qc2 Qc4 28. Re1 Ne6 29. Bh4 Kf7 30. Bg3 Rd3 31. Qe2 Qxc3 32. b5 c5 33. Qa2 Qb3 34. Qxb3 Rxb3 35. Ra1 c4 36. Kf1 Rb2 37. Ke1 c3 38. Ng1 c2 39. Ne2 Rb1+ 0-1


[Site "https://www.chess.com"]

[Event "Titled Tuesday Blitz January 17 Late 2023"]
[White "Gerbelli Neto, Eduardo"]
[Black "Artemenko, Oleg"]
[WhiteFideId "2103281"]
[BlackFideId "14201798"]
[WhiteElo "2114"]
[BlackElo "2246"]
[Result "1-0"]
[Round "07"]
[TimeControl "180+2"]
[Date "2023.01.17"]
[WhiteClock "0:00:06"]
[BlackClock "0:00:02"]

1. e4 c5 2. Nc3 Nc6 3. f4 a6 4. g3 b5 5. Bg2 Bb7 6. d3 e6 7. Qe2 Nd4 8. Qf2 Nf6 9. h3 d5 10. Nf3 Nd7 11. exd5 exd5 12. O-O Be7 13. Nxd4 cxd4 14. Nxd5 Bxd5 15. Bxd5 Rb8 16. f5 O-O 17. Bf4 Rb6 18. Rae1 Nf6 19. Bf3 Qd7 20. g4 Rc8 21. g5 Ne8 22. Re2 Bd6 23. Bg4 f6 24. Rfe1 Rbc6 25. Qf3 Bxf4 26. Qxf4 Rxc2 27. gxf6 Nxf6 28. Re7 Qc6 29. Bf3 Qc5 30. Qg3 Rc1 31. Qxg7# 1-0


[Site "https://www.chess.com"]

[Event "Titled Tuesday Blitz January 17 Late 2023"]
[White "Rangel, Daniel"]
[Black "Alfaro, William"]
[WhiteFideId "2124475"]
[BlackFideId "6100457"]
[WhiteElo "2207"]
[BlackElo "2134"]
[Result "0-1"]
[Round "07"]
[TimeControl "180+2"]
[Date "2023.01.17"]
[WhiteClock "0:00:05"]
[BlackClock "0:00:08"]

1. e4 c5 2. Nf3 Nc6 3. d4 cxd4 4. Nxd4 Nf6 5. Nc3 e5 6. Ndb5 d6 7. Bg5 a6 8. Na3 b5 9. Bxf6 gxf6 10. Nd5 f5 11. exf5 Bxf5 12. c3 Bg7 13. Nc2 O-O 14. Nce3 Be6 15. g3 Ne7 16. Bg2 Nxd5 17. Nxd5 Rb8 18. O-O a5 19. a4 bxa4 20. Qxa4 Rxb2 21. Qxa5 Qb8 22. Qa7 Qb3 23. Ra3 Qc2 24. Ne3 Qe2 25. c4 Bh6 26. Bd5 Bh3 27. Bg2 Bxe3 28. Rxe3 Qxf1+ 29. Kxf1 Rb1+ 30. Ke2 Bxg2 31. Qe7 Rfb8 32. Qg5+ Kf8 33. Qh6+ Ke8 34. Ra3 R8b2+ 35. Kd3 Rxf2 36. Qxh7 e4+ 37. Kc3 Rf3+ 38. Kd4 Rd1+ 39. Kxe4 Rxa3+ 40. Kf4 Rf3+ 41. Kg5 Re1 42. Qh8+ Ke7 43. Qb8 Bh3 44. Kh4 Bd7 45. Qb7 Rf6 46. g4 Re2 47. h3 Re3 48. Qd5 Rff3 49. Qg5+ Ke8 50. Qg8+ Ke7 51. Qg5+ Ke6 52. Qh6+ Ke5 53. Qg5+ Kd4 54. Qd5+ Kc3 55. Qxd6 Rxh3+ 56. Kg5 Rd3 57. Qf6+ Kc2 58. Qf2+ Rd2 59. Qa7 Rc3 60. Qa2+ Kd3 61. Qa5 Rxc4 62. Kf6 Rc6+ 63. Kg7 Rdc2 64. Qa3+ R2c3 65. Qe7 Be6 66. Qg5 R3c4 67. Qe5 Rxg4+ 68. Kf8 Rc8+ 69. Ke7 Rd4 70. Qb5+ Kd2 71. Qb2+ Ke3 72. Qh2 Rd7+ 73. Kf6 Rc4 74. Qh6+ Rf4+ 75. Ke5 Rd5# 0-1


[Site "https://www.chess.com"]

[Event "Titled Tuesday Blitz January 17 Late 2023"]
[White "Pein, Jonathan"]
[Black "Quinones Garcia, Santiago"]
[WhiteFideId "417092"]
[BlackFideId "4408497"]
[WhiteElo "2265"]
[BlackElo "2248"]
[Result "1-0"]
[Round "07"]
[TimeControl "180+2"]
[Date "2023.01.17"]
[WhiteClock "0:01:19"]
[BlackClock "0:01:16"]

1. e4 e5 2. Nf3 Nc6 3. Nc3 Nf6 4. d4 exd4 5. Nd5 Be7 6. Bf4 d6 7. Nxd4 O-O 8. Nb5 Ne8 9. Qd2 a6 10. Nbc3 Nf6 11. O-O-O Re8 12. Be2 b5 13. g4 Bb7 14. g5 Nd7 15. h4 b4 16. Nxe7+ Qxe7 17. Nd5 Qxe4 18. Nxc7 Nd4 19. Bd3 Qxh1 20. Rxh1 Bxh1 21. Nxa8 Bxa8 22. Bxh7+ Kxh7 23. Qxd4 Ne5 24. Qxd6 Nf3 25. b3 Be4 26. Qxb4 Bg6 27. Be3 Rc8 28. c4 Ne5 29. Qd6 Nd3+ 30. Kd2 a5 31. h5 Bf5 32. h6 Bg6 33. hxg7 a4 34. Qf8 1-0


[Site "https://www.chess.com"]

[Event "Titled Tuesday Blitz January 17 Late 2023"]
[White "Malka, Samuel"]
[Black "Kovacs, Klara"]
[WhiteFideId "20643675"]
[BlackFideId "733210"]
[WhiteElo "2165"]
[BlackElo "2121"]
[Result "0-1"]
[Round "07"]
[TimeControl "180+2"]
[Date "2023.01.17"]
[WhiteClock "0:00:17"]
[BlackClock "0:00:27"]

1. d4 e6 2. c4 Nf6 3. Nf3 d5 4. g3 dxc4 5. Bg2 Bb4+ 6. Bd2 c5 7. Bxb4 cxb4 8. Ne5 O-O 9. O-O Nc6 10. Nxc6 bxc6 11. a3 Rb8 12. axb4 Rxb4 13. Qd2 Qb6 14. Ra2 Rd8 15. e3 e5 16. Na3 exd4 17. exd4 Rxd4 18. Qe3 Be6 19. Nc2 c5 20. Nxb4 cxb4 21. Ra4 a5 22. Qe5 h5 23. Rxa5 Ng4 24. Ra8+ Rd8 25. Rxd8+ Qxd8 26. Qxh5 Qd4 27. h3 Nf6 28. Qf3 Qxb2 29. Qa8+ Kh7 30. g4 g6 31. g5 Nh5 32. Bd5 Nf4 33. Bxe6 Nxe6 34. h4 Qd4 35. Qf3 Kg7 36. Rd1 Qxh4 37. Rd7 Qxg5+ 38. Kf1 Qc1+ 39. Kg2 Ng5 40. Qg3 Ne4 41. Qe5+ Nf6 42. Rd6 Qc3 43. Rd4 b3 44. Qf4 b2 45. Rxc4 Qxc4 46. Qxc4 b1=Q 47. Qf4 Qb7+ 48. Kg1 Qd5 49. Kf1 Qd1+ 50. Kg2 Qg4+ 51. Qxg4 Nxg4 52. Kg3 Nf6 53. Kf4 Kh6 54. Kg3 Kh5 55. Kf3 g5 56. Kg3 Kg6 57. Kf3 Nh5 58. Kg2 f5 59. Kf3 g4+ 60. Kg2 Kg5 61. Kg1 Kf4 62. Kg2 Nf6 63. Kf1 Kf3 64. Kg1 Ne4 65. Kf1 Nxf2 66. Kg1 g3 67. Kf1 g2+ 68. Kg1 Nh3+ 69. Kh2 g1=Q+ 70. Kxh3 Qg3# 0-1


[Site "https://www.chess.com"]

[Event "Titled Tuesday Blitz January 17 Late 2023"]
[White "Womacka, Mathias"]
[Black "Abdyzhaparov, Aidar"]
[WhiteFideId "4611390"]
[BlackFideId "13800361"]
[WhiteElo "2396"]
[BlackElo "1978"]
[Result "1-0"]
[Round "07"]
[TimeControl "180+2"]
[Date "2023.01.17"]
[WhiteClock "0:00:17"]
[BlackClock "0:00:18"]

1. e4 d6 2. d4 Nf6 3. Nc3 e5 4. Nf3 Nbd7 5. Bc4 Be7 6. O-O O-O 7. Re1 c6 8. a4 b6 9. Bg5 a6 10. d5 c5 11. Bf1 Kh8 12. Rb1 Ng8 13. Be3 Ndf6 14. h3 Ne8 15. b4 g6 16. bxc5 bxc5 17. Nd2 Ng7 18. Nc4 f5 19. Nb6 Ra7 20. Nxc8 Qxc8 21. Rb6 f4 22. Bd2 g5 23. Qg4 Qa8 24. Reb1 Nf6 25. Qe2 h5 26. Rxa6 g4 27. Rxa7 Qxa7 28. Qb5 Qc7 29. hxg4 hxg4 30. a5 g3 31. fxg3 fxg3 32. Be2 Bd8 33. a6 Qf7 34. Qb7 Qg6 35. Qc8 Nxe4 36. Qh3+ Kg8 37. Bd3 Nf2 38. Bxg6 Nxh3+ 39. gxh3 Ba5 40. a7 g2 41. Rb8 Bxc3 42. Bxc3 1-0


[Site "https://www.chess.com"]

[Event "Titled Tuesday Blitz January 17 Late 2023"]
[White "Rian, Kapriaga"]
[Black "Gavilan Diaz, Mario"]
[WhiteFideId "7103263"]
[BlackFideId "2260905"]
[WhiteElo "2089"]
[BlackElo "2271"]
[Result "0-1"]
[Round "07"]
[TimeControl "180+2"]
[Date "2023.01.17"]
[WhiteClock "0:00:01"]
[BlackClock "0:00:29"]

1. d4 Nf6 2. Nf3 c5 3. d5 e6 4. Nc3 exd5 5. Nxd5 Nxd5 6. Qxd5 Nc6 7. Bf4 Qf6 8. Be5 Nxe5 9. Qxe5+ Qxe5 10. Nxe5 d6 11. Nf3 Be7 12. O-O-O Be6 13. e3 O-O-O 14. Be2 g5 15. a3 g4 16. Nd2 h5 17. Kb1 Kc7 18. e4 f5 19. exf5 Bxf5 20. Bd3 Bxd3 21. cxd3 Rdf8 22. f3 d5 23. Rhe1 Bd6 24. Rh1 Rhg8 25. fxg4 hxg4 26. Rdf1 Re8 27. h3 Re2 28. Nb3 gxh3 29. Rf7+ Kb6 30. Nc1 hxg2 0-1


[Site "https://www.chess.com"]

[Event "Titled Tuesday Blitz January 17 Late 2023"]
[White "Sreyas Payyappat"]
[Black "Pace, Christopher"]
[WhiteFideId "46674969"]
[BlackFideId "2610167"]
[WhiteElo "2076"]
[BlackElo "2053"]
[Result "1-0"]
[Round "07"]
[TimeControl "180+2"]
[Date "2023.01.17"]
[WhiteClock "0:01:50"]
[BlackClock "0:00:42"]

1. e4 e5 2. Nf3 Nc6 3. Bc4 Nf6 4. d4 exd4 5. e5 d5 6. Bb5 Ne4 7. Nxd4 Bd7 8. Bxc6 bxc6 9. c3 c5 10. Nc2 Bb5 11. Nba3 Ba6 12. Ne3 c6 13. Qa4 Bb7 14. O-O Be7 15. f3 Ng5 16. f4 Ne4 17. Nxd5 Qxd5 18. Rd1 Nxc3 19. bxc3 Qe6 20. Rb1 Bc8 21. f5 1-0


[Site "https://www.chess.com"]

[Event "Titled Tuesday Blitz January 17 Late 2023"]
[White "Pesotskiy, Mikhail"]
[Black "Szente Varga, Fruzsina"]
[WhiteFideId "34164453"]
[BlackFideId "712264"]
[WhiteElo "2153"]
[BlackElo "2075"]
[Result "0-1"]
[Round "07"]
[TimeControl "180+2"]
[Date "2023.01.17"]
[WhiteClock "0:00:10"]
[BlackClock "0:00:53"]

1. d4 Nf6 2. c4 g6 3. Nc3 Bg7 4. e4 d6 5. f3 O-O 6. Be3 c5 7. dxc5 dxc5 8. Qxd8 Rxd8 9. Bxc5 Nc6 10. Nge2 b6 11. Ba3 Be6 12. Nd5 Bxd5 13. cxd5 Na5 14. Nc3 Rd7 15. Bb5 Rc7 16. Ke2 Nh5 17. Rac1 Nf4+ 18. Kf2 Nc4 19. Bxc4 Rxc4 20. Rhd1 Re8 21. g3 Nh3+ 22. Kg2 Ng5 23. Nb5 Rec8 24. b3 Rc2+ 25. Kf1 Nxf3 26. Rxc2 Rxc2 27. Rc1 Nxh2+ 28. Ke1 Nf3+ 29. Kf1 Nd2+ 30. Kg2 Rxc1 31. Bxc1 Nxe4 32. Nxa7 Nc3 33. Nc8 Nxd5 34. a4 Kf8 35. b4 Bd4 36. a5 Nxb4 37. axb6 Na6 38. b7 Ke8 39. Bg5 f6 40. Bf4 e5 41. Bh6 Kd7 42. Bg7 e4 43. Na7 Bxa7 0-1


[Site "https://www.chess.com"]

[Event "Titled Tuesday Blitz January 17 Late 2023"]
[White "Szyszylo, Rafal"]
[Black "Slovineanu, Viacheslav"]
[WhiteFideId "1109626"]
[BlackFideId "13900510"]
[WhiteElo "2091"]
[BlackElo "2412"]
[Result "0-1"]
[Round "07"]
[TimeControl "180+2"]
[Date "2023.01.17"]
[WhiteClock "0:00:01"]
[BlackClock "0:00:44"]

1. e4 c6 2. d4 d5 3. e5 Bf5 4. Nf3 e6 5. Be2 Nd7 6. Nbd2 a6 7. a4 h6 8. O-O c5 9. c4 Ne7 10. Qb3 Qc7 11. cxd5 Nxd5 12. Bc4 N7b6 13. a5 Nxc4 14. Nxc4 Be7 15. Be3 O-O 16. dxc5 Nxe3 17. Nxe3 Be4 18. Nd2 Qxe5 19. Nxe4 Qxe4 20. Qc3 Rac8 21. b4 Bf6 22. Qc4 Qxc4 23. Nxc4 Bxa1 24. Rxa1 Rfd8 25. Nd6 Rc7 26. f4 Rcd7 27. Rd1 Kf8 28. Kf2 Ke7 29. Ke3 Rxd6 30. cxd6+ Rxd6 31. Rc1 Rc6 32. Rb1 Rc2 33. Kf3 f5 34. b5 Ra2 35. bxa6 bxa6 36. g4 Ra3+ 37. Kf2 fxg4 38. f5 exf5 39. Rb7+ Kf6 40. Rb6+ Ke5 41. Rxa6 Kf4 42. Ra8 Ra2+ 43. Kf1 Kf3 44. Ke1 Rxh2 45. a6 Ra2 46. Kd1 f4 47. Kc1 g3 48. Kb1 Ra5 49. Rg8 g5 50. Rg6 g2 51. Rxh6 g1=Q+ 52. Kb2 Qd4+ 0-1


[Site "https://www.chess.com"]

[Event "Titled Tuesday Blitz January 17 Late 2023"]
[White "Gurevich, Dmitry"]
[Black "Coelho, Ramyres Santana"]
[WhiteFideId "2000407"]
[BlackFideId "2120690"]
[WhiteElo "2393"]
[BlackElo "1981"]
[Result "1-0"]
[Round "07"]
[TimeControl "180+2"]
[Date "2023.01.17"]
[WhiteClock "0:00:03"]
[BlackClock "0:00:19"]

1. d4 Nf6 2. c4 g6 3. Nc3 Bg7 4. e4 d6 5. Nf3 O-O 6. Be2 Nc6 7. d5 Ne5 8. Nxe5 dxe5 9. Be3 Ne8 10. O-O f5 11. f3 f4 12. Bf2 g5 13. c5 Nf6 14. Rc1 h5 15. h3 Qe8 16. Nb5 Qg6 17. Nxc7 Bd7 18. Ne6 Bxe6 19. dxe6 Rad8 20. Qb3 g4 21. fxg4 hxg4 22. Bxg4 Nxg4 23. hxg4 Qxg4 24. Qf3 Qg6 25. c6 Qxe6 26. Qb3 Qxb3 27. axb3 bxc6 28. Rxc6 Rd2 29. Bxa7 Rxb2 30. Rf3 Bf6 31. Rfc3 Kf7 32. Bf2 Ra8 33. Rc2 Rxb3 34. Rb6 Ra4 35. Rxb3 Rxe4 36. Kf1 Ra4 37. Rbc3 e4 38. Rc4 Ra1+ 39. Rc1 Rxc1+ 40. Rxc1 e3 41. Be1 e5 42. Ke2 Kg6 43. Kf3 Kf5 44. Rc5 Be7 45. Rb5 Bd6 46. g3 Ke6 47. gxf4 exf4 48. Bc3 Bc7 49. Rh5 Bb8 50. Ke4 e2 51. Rh1 Be5 52. Bxe5 f3 53. Bg3 Kf6 54. Kxf3 e1=Q 55. Bxe1 Kg5 56. Bc3 Kf5 57. Rh5+ Kg6 58. Kg4 Kf7 59. Kf5 Ke8 60. Rh6 Kd7 61. Be5 Kc8 62. Rh7 Kd8 63. Ke6 Ke8 64. Rh8# 1-0


[Site "https://www.chess.com"]

[Event "Titled Tuesday Blitz January 17 Late 2023"]
[White "Remolar Gallen, Jose"]
[Black "Floresvillar Gonzalez, Luis Migu"]
[WhiteFideId "2215187"]
[BlackFideId "5100542"]
[WhiteElo "2285"]
[BlackElo "2043"]
[Result "0-1"]
[Round "07"]
[TimeControl "180+2"]
[Date "2023.01.17"]
[WhiteClock "0:00:11"]
[BlackClock "0:00:12"]

1. e4 c6 2. d4 d5 3. e5 Bf5 4. g4 Bd7 5. f4 e6 6. Nf3 Be7 7. Bd3 Bh4+ 8. Kf1 Be7 9. Kg2 f6 10. Be3 fxe5 11. dxe5 c5 12. c3 g6 13. h4 Nh6 14. Kg3 Nf7 15. Nbd2 Nc6 16. Qg1 b6 17. Re1 Qc7 18. Bf2 O-O-O 19. a3 Rhg8 20. Rc1 c4 21. Bc2 Kb8 22. Re1 Bc8 23. Kg2 Bb7 24. Nd4 Nxd4 25. Bxd4 Nh6 26. Kh3 Bc5 27. Qe3 Nf7 28. Rhf1 h5 29. g5 Rdf8 30. Nf3 Nd8 31. Rf2 Bc8 32. Ng1 Bxd4 33. cxd4 Nc6 34. Ne2 Bd7 35. Ref1 Ne7 36. Ng3 b5 37. Qc3 Qb6 38. Rb1 Nc6 39. Ne2 a5 40. b3 cxb3 41. Rxb3 Na7 42. Bd3 Rc8 43. Qb2 Rc7 44. Kg3 Rb7 45. Kf3 Qd8 46. Rf1 Be8 47. Ke3 Rgg7 48. Rb1 Rgc7 49. Rc3 Rxc3 50. Qxc3 Qc7 51. Rc1 Qxc3 52. Rxc3 b4 53. axb4 axb4 54. Rb3 Ba4 55. Rb2 b3 56. Nc1 Nc6 57. Be2 Na5 58. Bd1 Nc4+ 0-1


[Site "https://www.chess.com"]

[Event "Titled Tuesday Blitz January 17 Late 2023"]
[White "Qiao, Cindy"]
[Black "Chlpik, Martin"]
[WhiteFideId "2620243"]
[BlackFideId "14923351"]
[WhiteElo "1785"]
[BlackElo "2287"]
[Result "0-1"]
[Round "07"]
[TimeControl "180+2"]
[Date "2023.01.17"]
[WhiteClock "0:00:35"]
[BlackClock "0:00:11"]

1. d4 Nf6 2. Bf4 c5 3. e3 d5 4. c3 Nc6 5. Nf3 Qb6 6. Qc2 Bf5 7. dxc5 Bxc2 8. cxb6 axb6 9. Na3 Rxa3 10. bxa3 e6 11. Kd2 Bg6 12. Bd3 Bxa3 13. Bxg6 hxg6 14. Ke2 Ne4 15. Rhe1 Bb2 16. Rab1 Nxc3+ 17. Kf1 Nxb1 18. Rxb1 Bf6 19. Rxb6 Nd8 20. Bc7 O-O 21. Bxd8 Rxd8 22. Rxb7 Ra8 23. Ne1 Rxa2 24. Nd3 e5 25. Rd7 d4 26. exd4 exd4 27. Nb4 Rb2 28. Nc6 Rc2 29. Nd8 Rc8 30. Nxf7 d3 31. Ke1 Bc3+ 32. Kf1 d2 33. Ng5 Re8 34. Nf3 Re1+ 0-1


[Site "https://www.chess.com"]